[Event "Team 45 45 League T33"]
[Site "Internet Chess Club"]
[Date "2007.05.13"]
[Round "4"]
[White "Sir-Knightly"]
[Black "iwulu"]
[Result "0-1"]
[WhiteElo "2376"]
[BlackElo "2216"]
[ECO "D16"]
[TimeControl "2700+45"]

1. d4 d5 2. c4 c6 3. Nf3 Nf6 4. Nc3 dxc4 5. a4 Na6 6. e3 Bf5 7. Bxc4 Nb4 8. Ne5
e6 9. O-O Be7 10. a5 O-O 11. Qe2 b5 12. axb6 axb6 13. e4 Rxa1 14. exf5 exf5 15.
Rd1 Bd6 16. Qf3 Qc8 17. Bd2 Rxd1+ 18. Nxd1 Nbd5 19. h3 Ne4 20. Bc1 Bxe5 21. dxe5
Qe6 22. Ne3 g6 23. g4 Ng5 24. Qh1 Qxe5 {White resigns} 0-1

[Event "Team 45 45 League T33"]
[Site "Internet Chess Club"]
[Date "2007.05.12"]
[Round "4"]
[White "SkinnyPuppy"]
[Black "Satan"]
[Result "1/2-1/2"]
[WhiteElo "2170"]
[BlackElo "2141"]
[ECO "B23"]
[TimeControl "2700+45"]

1. e4 c5 2. Nc3 e6 3. f4 d5 4. Bb5+ Bd7 5. Qe2 d4 6. Nb1 a6 7. Bxd7+ Qxd7 8. a4
Nc6 9. Nf3 Bd6 10. d3 e5 11. fxe5 Nxe5 12. Nbd2 Ne7 13. Nxe5 Bxe5 14. Nc4 Bc7
15. O-O O-O 16. a5 f5 17. Bf4 fxe4 18. Bxc7 Qxc7 19. Qxe4 g6 20. Qe6+ Kg7 21.
Nd6 Nf5 22. Nxf5+ gxf5 23. Rxf5 Rae8 24. Rg5+ Kh8 25. Qg4 Qxa5 26. Rg8+ Rxg8 27.
Qxg8+ Rxg8 28. Rxa5 Rc8 29. Ra1 c4 30. Kf2 cxd3 31. cxd3 Rc2+ 32. Kf3 Rxb2 33.
Ra4 Kg7 34. Rxd4 b5 35. Rd7+ Kg8 36. Ra7 Ra2 37. d4 Rd2 38. Ke4 Rxg2 39. Rxa6
Rxh2 40. Rb6 Rh4+ 41. Kd3 Rh5 42. Rb7 Rg5 43. Ke4 h5 44. d5 b4 45. d6 Rg4+ 46.
Ke5 Kf8 47. Ke6 Re4+ 48. Kd5 Re1 49. Kc6 Rc1+ 50. Kd7 Kf7 51. Rxb4 Rd1 52. Rf4+
Kg6 53. Ke7 Kg5 54. Rf8 Re1+ 55. Kd7 h4 56. Rg8+ Kf4 57. Kc6 Rc1+ 58. Kd5 Rd1+
59. Ke6 Re1+ 60. Kf6 Rd1 61. Rd8 h3 62. d7 {Game drawn by mutual agreement}
1/2-1/2

[Event "Team 45 45 League T33"]
[Site "Internet Chess Club"]
[Date "2007.05.14"]
[Round "4"]
[White "izit"]
[Black "gracey"]
[Result "0-1"]
[WhiteElo "2118"]
[BlackElo "2129"]
[ECO "B38"]
[TimeControl "2700+45"]

1. e4 c5 2. Nf3 Nc6 3. d4 cxd4 4. Nxd4 g6 5. c4 Bg7 6. Be3 Nf6 7. Nc3 O-O 8. Be2
d6 9. O-O Bd7 10. Nc2 Qa5 11. Qd2 Ng4 12. Bxg4 Bxg4 13. Rab1 Bxc3 14. bxc3 Qxa2
15. Rxb7 Rab8 16. Rxb8 Rxb8 17. c5 dxc5 18. Qd5 Qxc2 19. Qxc6 Be2 {White
resigns} 0-1

[Event "Team 45 45 League T33"]
[Site "Internet Chess Club"]
[Date "2007.05.12"]
[Round "4"]
[White "Ser-Enigma"]
[Black "jonesey"]
[Result "1-0"]
[WhiteElo "2087"]
[BlackElo "1976"]
[ECO "A57"]
[TimeControl "2700+45"]

1. d4 Nf6 2. c4 c5 3. d5 b5 4. cxb5 a6 5. f3 e6 6. e4 Nxe4 7. fxe4 Qh4+ 8. g3
Qxe4+ 9. Qe2 Qxh1 10. Nf3 axb5 11. Kd2 Ba6 12. Bg2 b4 13. Qf2 Qxg2 14. Qxg2 Bc4
15. dxe6 fxe6 16. Ne5 Rxa2 17. Rxa2 Bxa2 18. Qa8 Bd6 19. Qxa2 Bxe5 20. Ke1 O-O
21. Be3 Bd6 22. Nd2 {Black resigns} 1-0

[Event "Team 45 45 League T33"]
[Site "Internet Chess Club"]
[Date "2007.05.13"]
[Round "4"]
[White "TrickyBishop"]
[Black "clarnibass"]
[Result "1/2-1/2"]
[WhiteElo "1615"]
[BlackElo "1731"]
[ECO "D55"]
[TimeControl "2700+45"]

1. d4 Nf6 2. c4 e6 3. Nf3 d5 4. Nc3 Be7 5. Bg5 O-O 6. e3 h6 7. h4 b6 8. Qc2 Bb7
9. cxd5 Nxd5 10. Nxd5 Bxd5 11. Bd3 Nd7 12. Bh7+ Kh8 13. Be4 Bxe4 14. Qxe4 c5 15.
Qf4 cxd4 16. exd4 Rc8 17. Bxh6 Bb4+ 18. Kf1 Qf6 19. Qxf6 Nxf6 20. Bg5 Nd5 21. g3
Rc2 22. Rb1 f6 23. Bc1 Rfc8 24. Kg2 R8c6 25. a3 Bd6 26. Re1 Bc7 27. Bd2 Kg8 28.
Rbc1 Kf7 29. Rxc2 Rxc2 30. Bc1 a6 31. Kf1 b5 32. b4 Rc3 33. Ng1 Rd3 34. Ne2 Ke7
35. Bb2 Rd2 36. Bc1 Rd3 37. Bb2 Rd2 38. Bc1 Rd3 39. Bb2 Rd2 {Game drawn by
repetition} 1/2-1/2

[Event "Team 45 45 League T33"]
[Site "Internet Chess Club"]
[Date "2007.05.12"]
[Round "4"]
[White "Pierrekurdy"]
[Black "Theodulf"]
[Result "0-1"]
[WhiteElo "1635"]
[BlackElo "1738"]
[ECO "A09"]
[TimeControl "2700+45"]

1. Nf3 d5 2. c4 d4 3. g3 c5 4. Bg2 Nc6 5. O-O e5 6. d3 Be7 7. e3 Bg4 8. Qb3 Qb6
9. Qxb6 axb6 10. Na3 f6 11. Nb5 Rc8 12. Bd2 Nh6 13. exd4 cxd4 14. Bxh6 gxh6 15.
Nd2 Be2 16. Ne4 Bxf1 17. Ned6+ Bxd6 18. Nxd6+ Kd8 19. Bxc6 Rxc6 20. Nf7+ Ke7 21.
Nxh8 Bxd3 22. f4 Rc8 23. Rd1 e4 24. b3 Rxh8 25. f5 Rc8 26. Kg2 Kd6 27. g4 b5 28.
Kg3 Ke5 29. cxb5 Rc2 30. a4 Be2 31. Ra1 d3 32. Re1 Rc3 33. Kh4 Kf4 34. h3 d2 35.
Rxe2 d1=Q 36. Rf2+ Rf3 37. Rh2 Qg1 38. Rc2 Qg3+ {White resigns} 0-1

[Event "Team 45 45 League T33"]
[Site "Internet Chess Club"]
[Date "2007.05.14"]
[Round "4"]
[White "OldBoy"]
[Black "Lyko"]
[Result "1-0"]
[WhiteElo "1641"]
[BlackElo "1534"]
[ECO "B07"]
[TimeControl "2700+45"]

1. e4 d6 2. d4 Bd7 3. Nf3 e6 4. Be2 g6 5. Nc3 Bg7 6. O-O Nc6 7. d5 Ne5 8. dxe6
Bxe6 9. Nd5 c6 10. Nf4 Nxf3+ 11. Bxf3 Bc4 12. Re1 Qc7 13. Be2 Bxe2 14. Qxe2 Rd8
15. Nd3 Ne7 16. Bf4 O-O 17. c3 Qd7 18. Rad1 f5 19. e5 Nd5 20. Bg5 Rde8 21. Qf3
dxe5 22. Nxe5 Rxe5 23. Rxe5 Bxe5 24. c4 Qc7 25. cxd5 Bxh2+ 26. Kh1 Bd6 27. dxc6
bxc6 28. Qb3+ Kh8 29. Qe6 Be5 30. Rd7 Qc8 31. Qxe5+ {Black resigns} 1-0

[Event "Team 45 45 League T33"]
[Site "Internet Chess Club"]
[Date "2007.05.12"]
[Round "4"]
[White "Queen"]
[Black "Invicta-Knight"]
[Result "0-1"]
[WhiteElo "1616"]
[BlackElo "1560"]
[ECO "B01"]
[TimeControl "2700+45"]

1. e4 d5 2. exd5 Qxd5 3. Nc3 Qd6 4. Nf3 a6 5. Bc4 Nf6 6. d4 Bg4 7. h3 Bh5 8. Be3
Nc6 9. Be2 h6 10. a3 O-O-O 11. Nh4 Bxe2 12. Nxe2 e5 13. Nf5 Qe6 14. g4 g6 15.
Nfg3 exd4 16. Bf4 Ne4 17. Qd3 Nxg3 18. Bxg3 Bd6 19. O-O-O Bxg3 20. Nxg3 Rhe8 21.
Rhe1 Qa2 22. Rxe8 Rxe8 23. Qb3 Qxb3 24. cxb3 Rd8 25. Ne4 Rd5 26. f4 f5 27. Nd2
fxg4 28. hxg4 Kd7 29. Ne4 Ke6 30. g5 h5 31. Kd2 Rf5 32. Rf1 b6 33. Kd3 h4 34.
Nf6 Kd6 35. Ne8+ Kd7 36. Nf6+ Kd6 37. Ne8+ Kd7 38. Nf6+ Ke6 39. Re1+ Kf7 40. Rc1
Ne7 41. Rxc7 h3 42. Ke4 Rc5 43. Rxc5 bxc5 44. Ng4 Ke6 45. Nf2 h2 46. Kf3 Nd5 47.
Ke4 Ne3 48. b4 Kd6 49. Kf3 Nd1 50. bxc5+ Kxc5 51. Nd3+ Kd5 52. Kg2 Ke4 53. Ne5
Kxf4 54. Nxg6+ Kxg5 55. Ne5 Kf4 56. Nc6 Ke3 57. Nb4 d3 58. Kxh2 d2 59. Nd5+ Kd4
60. Nf4 Nxb2 61. Ne2+ Kc4 62. Kg3 d1=Q 63. Kf3 Kd3 64. Kf4 Qxe2 65. a4 Qe3+ 66.
Kf5 Qe4+ 67. Kf6 Kd4 68. a5 Kd5 69. Kg5 Ke6 70. Kh6 Kf6 71. Kh5 Nd1 72. Kh6 Qg6#
{White checkmated} 0-1

[Event "Team 45 45 League T33"]
[Site "Internet Chess Club"]
[Date "2007.05.19"]
[Round "4"]
[White "twinders"]
[Black "parrot9"]
[Result "1-0"]
[WhiteElo "1649"]
[BlackElo "1665"]
[ECO "D43"]
[TimeControl "2700+45"]

1. d4 d5 2. c4 c6 3. Nc3 Nf6 4. Nf3 e6 5. Bg5 Be7 6. e3 dxc4 7. Bxc4 b5 8. Bb3
Bb7 9. O-O Nbd7 10. Bc2 a6 11. Qd3 c5 12. Qd1 b4 13. Na4 Rc8 14. dxc5 Nxc5 15.
Qxd8+ Bxd8 16. Nxc5 Rxc5 17. Ba4+ Bc6 18. Bxc6+ Rxc6 19. Rac1 Rxc1 20. Rxc1 O-O
21. Rc6 a5 22. b3 Ne4 23. h4 Nc3 24. Ra6 f6 25. Bf4 e5 26. Bg3 Nxa2 27. Nd2 Nc1
28. Kf1 Rf7 29. f3 Rd7 30. Ke1 Rd3 31. e4 Nxb3 32. Nxb3 Rxb3 33. Ra8 Rd3 34. Ke2
Rd7 35. Be1 Kf7 36. Rb8 Be7 37. Rb5 Ra7 38. Kd3 Ke6 39. h5 Kd6 40. Bf2 Ra6 41.
Be1 Kc6 42. Kc4 Bd8 43. Rc5+ Kb7 44. Rb5+ Bb6 45. Bf2 Kc6 46. Bxb6 Rxb6 47. Rxa5
b3 48. Ra1 b2 49. Rb1 Rb5 50. Kc3 Kc5 51. g3 g6 52. h6 Rb4 53. Rxb2 Rxb2 54.
Kxb2 Kd4 55. Kb3 Ke3 56. Kc4 Kxf3 57. Kd5 Kg4 58. Ke6 Kg5 59. Kf7 f5 60. exf5
Kxf5 61. Kg7 e4 62. Kxh7 e3 63. Kg7 e2 64. h7 e1=Q 65. h8=Q Qe5+ 66. Kh7 Qxh8+
67. Kxh8 g5 68. Kh7 g4 69. Kh6 Ke4 70. Kg5 Kf3 71. Kh4 Ke3 72. Kxg4 Ke4 73. Kg5
Ke5 74. Kg6 Ke6 75. g4 Ke7 76. g5 Kf8 77. Kh7 Kf7 78. g6+ Kf8 79. g7+ {Black
resigns} 1-0

[Event "Team 45 45 League T33"]
[Site "Internet Chess Club"]
[Date "2007.05.14"]
[Round "4"]
[White "GolferBob"]
[Black "GolfSuper"]
[Result "0-1"]
[WhiteElo "1721"]
[BlackElo "1524"]
[ECO "D00"]
[TimeControl "2700+45"]

1. d4 d5 2. Bf4 Nf6 3. e3 e6 4. Nf3 c5 5. c3 Nbd7 6. Nbd2 Be7 7. Bd3 O-O 8. Ne5
Nxe5 9. dxe5 Nd7 10. h3 b6 11. Qh5 g6 12. Qg4 Bb7 13. h4 f5 14. Qg3 c4 15. Be2
Kf7 16. Nf3 Rh8 17. h5 Nc5 18. hxg6+ hxg6 19. Rxh8 Qxh8 20. Bf1 Ne4 21. Ng5+
Bxg5 {White resigns} 0-1

[Event "Team 45 45 League T33"]
[Site "Internet Chess Club"]
[Date "2007.05.14"]
[Round "4"]
[White "Hastings"]
[Black "mrmarck"]
[Result "0-1"]
[WhiteElo "1322"]
[BlackElo "1373"]
[ECO "C34"]
[TimeControl "2700+45"]

1. e4 e5 2. f4 exf4 3. Nf3 Nc6 4. Bc4 Bc5 5. d4 Bb6 6. Bxf4 d6 7. O-O Nf6 8. Nc3
Bg4 9. Kh1 Nxd4 10. Qd3 Nxf3 11. gxf3 Bh3 12. Rfd1 O-O 13. a3 Nh5 14. Be3 Qh4
15. Bxb6 Nf4 16. Qd2 Bg2+ 17. Kg1 Qg5 18. Kf2 axb6 19. Ke1 Bxf3 20. Qf2 Ng2+ 21.
Kf1 Ne3+ 22. Ke1 Bxd1 23. Nxd1 Nxc4 {White resigns} 0-1

[Event "Team 45 45 League T33"]
[Site "Internet Chess Club"]
[Date "2007.05.12"]
[Round "4"]
[White "isolani"]
[Black "AlterEgo"]
[Result "1/2-1/2"]
[WhiteElo "1646"]
[BlackElo "1608"]
[ECO "B10"]
[TimeControl "2700+45"]

1. e4 c6 2. d3 d5 3. Nd2 e5 4. Ngf3 Bd6 5. Be2 Nf6 6. c3 Bg4 7. O-O O-O 8. Re1
Re8 9. Nf1 dxe4 10. Ng5 Bxe2 11. Rxe2 h6 12. Nxe4 Nxe4 13. dxe4 Qc7 14. Ng3 Rd8
15. Be3 Bc5 16. Qc1 Bxe3 17. Qxe3 Nd7 18. Nf5 Nf6 19. Rae1 Nh5 20. g3 Kh7 21.
Rd2 Rxd2 22. Qxd2 Rd8 23. Qe2 g6 24. Ne3 Qd7 25. Rd1 Qe7 26. Rxd8 Qxd8 27. Qd1
Qxd1+ 28. Nxd1 {Game drawn by mutual agreement} 1/2-1/2

[Event "Team 45 45 League T33"]
[Site "Internet Chess Club"]
[Date "2007.05.12"]
[Round "4"]
[White "Tomate"]
[Black "nanning"]
[Result "0-1"]
[WhiteElo "1342"]
[BlackElo "1539"]
[ECO "B44"]
[TimeControl "2700+45"]

1. e4 c5 2. Nf3 Nc6 3. d4 cxd4 4. Nxd4 e6 5. Nf3 Qc7 6. Bd3 Nf6 7. Bg5 Be7 8.
Bh4 O-O 9. O-O a6 10. Bg3 d6 11. Re1 Nh5 12. Bh4 Bxh4 13. Nxh4 Nf4 14. g3 Nxd3
15. cxd3 Nd4 16. Na3 b5 17. Rc1 Qb6 18. Nf3 Bb7 19. Nc2 Nxf3+ 20. Qxf3 f5 21.
Qe2 fxe4 22. dxe4 Rf6 23. Ne3 Raf8 24. Ng4 R6f7 25. Rf1 Bc8 26. Qe3 Qxe3 27.
Nxe3 e5 28. Nd5 Bh3 29. Rfd1 Rxf2 30. Ne7+ Kh8 31. Nf5 g6 32. Kxf2 gxf5 33. Rxd6
fxe4+ 34. Ke3 a5 35. Rcd1 Kg7 36. Kxe4 a4 37. a3 Bf1 38. R6d5 Bc4 39. Rxe5 Rf2
40. Re7+ Bf7 41. Red7 Rxh2 42. R1d2 Rh5 43. Kf4 Kf6 44. R7d6+ Be6 45. Re2 Rf5+
46. Ke3 Ke7 47. Rb6 Bc4 48. Rb7+ Kf6 49. Rh2 h5 50. Rb8 Re5+ 51. Kd4 Rg5 52.
Rf2+ Kg6 53. Rg8+ Bxg8 {White resigns} 0-1

[Event "Team 45 45 League T33"]
[Site "Internet Chess Club"]
[Date "2007.05.12"]
[Round "4"]
[White "tryanything"]
[Black "quotha"]
[Result "1-0"]
[WhiteElo "1661"]
[BlackElo "1573"]
[ECO "C41"]
[TimeControl "2700+45"]

1. e4 e5 2. Nf3 d6 3. Bc4 Be7 4. d4 exd4 5. Nxd4 Nf6 6. O-O O-O 7. Re1 Bg4 8. f3
Bh5 9. Nf5 Re8 10. Nxe7+ Qxe7 11. Bg5 Nbd7 12. Nc3 c6 13. Qd3 Rad8 14. f4 h6 15.
Bh4 Bg6 16. f5 Ne5 17. Qg3 Bh7 18. Bd3 g5 19. fxg6 fxg6 20. Rf1 Rf8 21. Bxf6
Rxf6 22. Rxf6 Qxf6 23. Rf1 Qe6 24. Qe3 Kg7 25. Qxa7 Rd7 26. Qe3 g5 27. Qg3 Ng6
28. b3 b5 29. Ne2 Qe5 30. Qxe5+ Nxe5 31. Ng3 Bg6 32. a4 bxa4 33. bxa4 Ra7 34.
Ra1 Nd7 35. a5 Kf6 36. Kf2 Ke5 37. Ke3 Nc5 38. a6 h5 39. Ra5 Kf6 40. Ne2 Nxd3
41. cxd3 c5 42. Nc3 Be8 43. d4 cxd4+ 44. Kxd4 h4 45. Nd5+ Kg6 46. g3 hxg3 47.
hxg3 Kh5 48. Nf6+ {Black resigns} 1-0

[Event "Team 45 45 League T33"]
[Site "Internet Chess Club"]
[Date "2007.05.11"]
[Round "4"]
[White "pelayo"]
[Black "FiendAngelical"]
[Result "0-1"]
[WhiteElo "1553"]
[BlackElo "1770"]
[ECO "B33"]
[TimeControl "2700+45"]

1. e4 c5 2. Nf3 Nc6 3. d4 cxd4 4. Nxd4 Nf6 5. Nc3 e5 6. Ndb5 d6 7. Bg5 a6 8. Na3
b5 9. Nd5 Be7 10. Bxf6 Bxf6 11. c3 O-O 12. Nc2 Bg5 13. Bd3 Be6 14. Nce3 Ne7 15.
Nxe7+ Qxe7 16. Nd5 Bxd5 17. exd5 f5 18. O-O e4 19. Re1 Qf6 20. Bc2 Rae8 21. g3
f4 22. Bxe4 fxg3 23. fxg3 Qf2+ 24. Kh1 Qxb2 25. Qc2 Qxc2 26. Bxc2 Bd2 27. Rxe8
Rxe8 28. Bf5 Bxc3 29. Rc1 Re1+ 30. Rxe1 Bxe1 31. Bc8 a5 32. Kg2 Kf8 33. Kf3 Ke7
34. Ke4 Bc3 35. Kd3 Be5 36. Ba6 b4 37. Kc4 Kf6 38. Kb5 Bc3 39. Kxa5 b3+ 40. Ka4
bxa2 {White resigns} 0-1

[Event "Team 45 45 League T33"]
[Site "Internet Chess Club"]
[Date "2007.05.16"]
[Round "4"]
[White "Lazerpawn"]
[Black "geewhiz"]
[Result "1-0"]
[WhiteElo "1638"]
[BlackElo "1613"]
[ECO "B02"]
[TimeControl "2700+45"]

1. e4 Nf6 2. Nc3 d5 3. exd5 Nxd5 4. Nxd5 Qxd5 5. Nf3 Bf5 6. Be2 Nc6 7. O-O O-O-O
8. c3 e5 9. b4 Be7 10. a4 Bd3 11. Bxd3 Qxd3 12. b5 e4 13. bxc6 exf3 14. cxb7+
Kxb7 15. Qb3+ Ka8 16. Qb5 fxg2 17. Qc6+ Kb8 18. Re1 Bf6 19. Ba3 Qd5 20. Rab1+
Kc8 21. Qa6+ Kd7 22. Qb5+ Qxb5 23. axb5 Rhe8 24. d4 Kc8 25. Bc5 Kb7 26. Red1 Re2
27. Ra1 Ra8 28. Ra3 Bh4 29. d5 Be7 30. Bxe7 Rxe7 31. Rda1 Rd7 32. c4 Kb6 33.
Ra6+ Kb7 34. Kxg2 Rd6 35. R6a5 Kb6 36. Ra6+ Kc5 37. Rxa7 Rxa7 38. Rxa7 Kxc4 39.
Rxc7+ Kxb5 40. Rxf7 Rg6+ 41. Kf3 Rf6+ 42. Rxf6 gxf6 43. Ke4 Kc5 44. h4 Kd6 45.
h5 f5+ 46. Kxf5 Kxd5 47. f4 Kd6 48. Kf6 h6 49. Kf7 Kd7 50. f5 Kd6 51. f6 Ke5 52.
Kg7 {Black resigns} 1-0

[Event "Team 45 45 League T33"]
[Site "Internet Chess Club"]
[Date "2007.05.14"]
[Round "4"]
[White "jacknor"]
[Black "Chessadelic"]
[Result "1-0"]
[WhiteElo "1577"]
[BlackElo "1391"]
[ECO "A22"]
[TimeControl "2700+45"]

1. c4 Nf6 2. Nc3 e5 3. g3 Bc5 4. Bg2 O-O 5. d3 c6 6. Nf3 d6 7. O-O Re8 8. e3 Be6
9. h3 Qd7 10. Kh2 Bf5 11. d4 e4 12. Nd2 Bb6 13. Ndxe4 Nxe4 14. Nxe4 Bxe4 15.
Bxe4 Rxe4 16. c5 dxc5 17. Qc2 Qd5 18. dxc5 Bxc5 19. Rd1 Qg5 20. Qxe4 Na6 21. Bd2
Nc7 22. Bb4 Re8 23. Qc4 Bxe3 24. fxe3 Qxe3 25. Qf1 f6 26. Re1 Qd4 27. Rxe8+ Nxe8
28. Bc3 Qd7 29. Rd1 Qf7 30. Qd3 Qxa2 31. Qd8 Qf7 32. Rd7 Qf8 33. Bb4 {Black
resigns} 1-0

[Event "Team 45 45 League T33"]
[Site "Internet Chess Club"]
[Date "2007.05.15"]
[Round "4"]
[White "Ozgur-Bjk"]
[Black "drancro"]
[Result "1-0"]
[WhiteElo "2149"]
[BlackElo "2054"]
[ECO "D31"]
[TimeControl "2700+45"]

1. d4 d5 2. c4 e6 3. Nc3 f5 4. Nf3 Nf6 5. Bg5 Be7 6. e3 c6 7. Bd3 O-O 8. O-O
Nbd7 9. Rc1 h6 10. Bh4 g5 11. Bg3 Ne4 12. Qe2 Kg7 13. Be5+ Nxe5 14. Nxe5 Bf6 15.
f4 Nxc3 16. Rxc3 g4 17. b4 Bd7 18. Qc2 Qe7 19. cxd5 Bxe5 20. fxe5 cxd5 21. Rc7
Rac8 22. Qc5 Qd8 23. Rc1 Kg8 24. Qd6 Rxc7 25. Rxc7 Bc8 26. Qxd8 Rxd8 27. Kf2 a6
28. a4 b6 29. Kg3 {Black forfeits on time} 1-0

[Event "Team 45 45 League T33"]
[Site "Internet Chess Club"]
[Date "2007.05.13"]
[Round "4"]
[White "Zebbile"]
[Black "Ser-Enigma"]
[Result "1/2-1/2"]
[WhiteElo "2076"]
[BlackElo "2086"]
[ECO "D93"]
[TimeControl "2700+45"]

1. d4 Nf6 2. c4 g6 3. Nf3 Bg7 4. Bf4 d5 5. e3 O-O 6. Nc3 c5 7. dxc5 Qa5 8. Rc1
dxc4 9. Bxc4 Ne4 10. Be5 Nxc5 11. Bxg7 Kxg7 12. O-O Nc6 13. a3 Be6 14. b4 Qxa3
15. Bxe6 Nxe6 16. b5 Rfd8 17. Qe2 Nb4 18. Nd4 Nxd4 19. exd4 Rd7 20. Qe5+ f6 21.
Qe6 Rad8 22. Ne4 b6 23. Rc3 Qa2 24. Rb3 Nd3 25. Nc3 Nf4 26. Qc4 Qc2 27. Qb4 Kf8
28. Rb2 Qf5 29. Qa3 Qg5 30. g3 Nh3+ 31. Kg2 Nf4+ 32. Kg1 Nd3 33. Re2 Nf4 34. Ra2
Nd5 35. Nd1 Qg4 36. Ne3 Qxd4 37. Nxd5 Qxd5 38. Qa4 Rc8 39. Raa1 Rc4 40. Qb3 Rc5
41. Qa4 Rxb5 42. Rad1 Qc6 43. Rc1 Qd5 44. Rcd1 {Game drawn by mutual agreement}
1/2-1/2

[Event "Team 45 45 League T33"]
[Site "Internet Chess Club"]
[Date "2007.05.13"]
[Round "4"]
[White "DeLaSalle"]
[Black "hewdondada"]
[Result "1-0"]
[WhiteElo "2073"]
[BlackElo "1848"]
[ECO "A03"]
[TimeControl "2700+45"]

1. f4 d5 2. Nf3 Bg4 3. e3 g6 4. h3 Bf5 5. g4 Be4 6. d3 Bxf3 7. Qxf3 Nc6 8. Bg2
e6 9. O-O Bg7 10. f5 Qe7 11. Nc3 O-O-O 12. fxe6 fxe6 13. Bd2 Rf8 14. Qe2 Nf6 15.
Na4 g5 16. c4 h6 17. Bc3 Kb8 18. Rac1 Qd6 19. d4 Ne4 20. Bxe4 dxe4 21. Kg2 e5
22. d5 Ne7 23. a3 Qd8 24. Bb4 Rxf1 25. Rxf1 Ng6 26. Nc5 Nh4+ 27. Kg3 b6 28. Nxe4
a5 29. Bc3 Qe7 30. b4 a4 31. c5 b5 32. c6 Qd8 33. Qxb5+ {Black resigns} 1-0

[Event "Team 45 45 League T33"]
[Site "Internet Chess Club"]
[Date "2007.05.13"]
[Round "4"]
[White "primerpaso"]
[Black "BlackHorse"]
[Result "1-0"]
[WhiteElo "1883"]
[BlackElo "1778"]
[ECO "A16"]
[TimeControl "2700+45"]

1. c4 Nf6 2. Nc3 g6 3. g3 Bg7 4. Bg2 c6 5. d4 O-O 6. e4 d6 7. Nge2 e5 8. O-O Qc7
9. h3 h6 10. Be3 Nbd7 11. Rc1 a5 12. a3 Nh7 13. Qd2 g5 14. d5 Rd8 15. Qc2 Rf8
16. g4 Rd8 17. Rfd1 Ndf8 18. c5 Ng6 19. cxd6 Qxd6 20. dxc6 Qc7 21. Nd5 Qxc6 22.
Qxc6 bxc6 23. Ne7+ Nxe7 24. Rxd8+ Nf8 25. Bc5 Ng6 26. Bxf8 Bxf8 27. Rxc6 Bb7 28.
Rxa8 Bxa8 29. Ra6 {Black resigns} 1-0

[Event "Team 45 45 League T33"]
[Site "Internet Chess Club"]
[Date "2007.05.15"]
[Round "4"]
[White "kostasgr"]
[Black "valipop"]
[Result "1-0"]
[WhiteElo "2128"]
[BlackElo "2004"]
[ECO "B33"]
[TimeControl "2700+45"]

1. e4 c5 2. Nf3 Nc6 3. d4 cxd4 4. Nxd4 Nf6 5. Nc3 g6 6. Nxc6 bxc6 7. e5 Ng8 8.
Bc4 Bg7 9. Qf3 f5 10. Bf4 e6 11. O-O Rb8 12. Rad1 Qa5 13. Rfe1 Ne7 14. h4 h6 15.
Re2 Rb4 16. Bb3 Ba6 17. Red2 Nd5 18. Bxd5 cxd5 19. Nxd5 exd5 20. Rxd5 Bb7 21.
Rxa5 Bxf3 22. gxf3 Rxf4 23. Rxa7 Bxe5 24. Re1 d6 25. Rxe5+ dxe5 26. Ra8+ Kf7 27.
Rxh8 Rxh4 28. b3 h5 29. a4 Rd4 30. a5 Rd1+ 31. Kg2 Ra1 32. b4 Ra4 33. c4 Rxb4
34. a6 Rxc4 35. a7 Ra4 36. a8=Q Rxa8 37. Rxa8 Kf6 38. Kg3 g5 39. Ra6+ Kf7 40.
Kg2 h4 41. Kf1 Kg7 42. Re6 h3 43. Rxe5 Kg6 44. Re6+ Kh5 45. Rf6 Kh4 {Black
resigns} 1-0

[Event "Team 45 45 League T33"]
[Site "Internet Chess Club"]
[Date "2007.05.12"]
[Round "4"]
[White "Terte"]
[Black "Hazy"]
[Result "1-0"]
[WhiteElo "2014"]
[BlackElo "1903"]
[ECO "C74"]
[TimeControl "2700+45"]

1. e4 e5 2. Nf3 Nc6 3. Bb5 a6 4. Ba4 d6 5. c3 b5 6. Bc2 Nf6 7. O-O g6 8. Re1 Bg7
9. d4 O-O 10. Bg5 Re8 11. Nbd2 Na5 12. b4 Nb7 13. a4 Be6 14. dxe5 dxe5 15. Nxe5
Nh5 16. Bxd8 {Black resigns} 1-0

[Event "Team 45 45 League T33"]
[Site "Internet Chess Club"]
[Date "2007.05.13"]
[Round "4"]
[White "chiiwen"]
[Black "andreip"]
[Result "1/2-1/2"]
[WhiteElo "1931"]
[BlackElo "1968"]
[ECO "B18"]
[TimeControl "2700+45"]

1. e4 c6 2. d4 d5 3. Nc3 dxe4 4. Nxe4 Bf5 5. Ng3 Bg6 6. Nf3 e6 7. Bc4 Nf6 8. Bg5
Be7 9. O-O Nbd7 10. c3 Qc7 11. a4 O-O 12. Nh4 Nb6 13. Bb3 Nfd5 14. Bxe7 Nxe7 15.
Nxg6 Nxg6 16. Ne4 Nd5 17. Bxd5 cxd5 18. Nc5 b6 19. Nd3 Rfc8 20. f4 Ne7 21. Rf3
g6 22. Ne5 Kg7 23. Qe2 Re8 24. Qf2 h5 25. g3 a6 26. Qd2 Nf5 {Game drawn by
mutual agreement} 1/2-1/2

[Event "Team 45 45 League T33"]
[Site "Internet Chess Club"]
[Date "2007.05.14"]
[Round "4"]
[White "gezira"]
[Black "HoHo"]
[Result "1-0"]
[WhiteElo "1887"]
[BlackElo "1782"]
[ECO "B90"]
[TimeControl "2700+45"]

1. e4 c5 2. Nf3 d6 3. d4 cxd4 4. Nxd4 Nf6 5. Nc3 a6 6. f3 e6 7. Be3 Be7 8. Qd2
Qc7 9. O-O-O b5 10. Kb1 Nc6 11. g4 Bb7 12. h4 O-O-O 13. h5 Nd7 14. Qf2 Nxd4 15.
Bxd4 e5 16. Be3 Nc5 17. Nd5 Bxd5 18. Rxd5 Kb7 19. Be2 Rc8 20. Rc1 g6 21. c4 b4
22. Qe1 a5 23. Qd2 Rhd8 24. hxg6 hxg6 25. Rh1 b3 26. a3 Ka8 27. Rh7 Bf8 28. Bg5
Rd7 29. Be3 Rdd8 30. Bxc5 dxc5 31. Rxf7 Rxd5 32. Qxd5+ Qc6 33. Qxc6+ Rxc6 34.
Rxf8+ Kb7 35. Rd8 Re6 36. Kc1 a4 37. Kd2 Ka7 38. Ke3 {Black resigns} 1-0

[Event "Team 45 45 League T33"]
[Site "Internet Chess Club"]
[Date "2007.05.14"]
[Round "4"]
[White "chickenhead"]
[Black "willdawg"]
[Result "1-0"]
[WhiteElo "1923"]
[BlackElo "2034"]
[ECO "A29"]
[TimeControl "2700+45"]

1. c4 e5 2. Nc3 Nc6 3. Nf3 Nf6 4. g3 d5 5. cxd5 Nxd5 6. Bg2 Nb6 7. O-O Be7 8. d3
O-O 9. e4 f5 10. Qe2 fxe4 11. Nxe4 Bg4 12. Be3 Qd7 13. h3 Bxh3 14. Bxh3 Qxh3 15.
Nfg5 Qf5 16. g4 Qd7 17. Rad1 Nd5 18. f3 Nd4 19. Qh2 Nxe3 20. Qxh7# {Black
checkmated} 1-0

[Event "Team 45 45 League T33"]
[Site "Internet Chess Club"]
[Date "2007.05.13"]
[Round "4"]
[White "John3v16"]
[Black "tryanything"]
[Result "1-0"]
[WhiteElo "1839"]
[BlackElo "1652"]
[ECO "C56"]
[TimeControl "2700+45"]

1. e4 e5 2. Nf3 Nc6 3. d4 exd4 4. Bc4 Nf6 5. O-O Nxe4 6. Re1 d5 7. Bxd5 Qxd5 8.
Nc3 Qa5 9. Nxe4 Be6 10. Neg5 O-O-O 11. Nxe6 fxe6 12. Rxe6 h6 13. a3 Bd6 14. Qe2
Qh5 15. g3 Rhf8 16. Nxd4 Qxe2 17. Nxe2 Rde8 18. Rxe8+ Rxe8 19. Be3 b6 20. Kf1
Ne5 21. h3 Nc4 22. Bc1 Be5 23. Rb1 Rd8 24. Ke1 Bf6 25. f4 c5 26. b3 Nd6 27. Bb2
Bxb2 28. Rxb2 a5 29. c4 Kc7 30. g4 Ne4 31. f5 Re8 32. Kf1 Kd6 33. Nf4 Re7 34.
Nd5 Rb7 35. a4 Kc6 36. Kg2 Nf6 37. Nxf6 gxf6 38. Re2 Rf7 39. Re6+ Kc7 40. Kf3
Kb7 41. Ke4 Kc7 42. Kf4 Kb7 43. Kf3 Ka7 44. Ke4 Kb7 45. Kd5 Rd7+ 46. Rd6 {Black
resigns} 1-0

[Event "Team 45 45 League T33"]
[Site "Internet Chess Club"]
[Date "2007.05.12"]
[Round "4"]
[White "FiendAngelical"]
[Black "Ingo"]
[Result "1/2-1/2"]
[WhiteElo "1768"]
[BlackElo "1735"]
[ECO "C11"]
[TimeControl "2700+45"]

1. e4 e6 2. d4 d5 3. Nc3 Nf6 4. e5 Nfd7 5. f4 c5 6. Nf3 Nc6 7. Be3 cxd4 8. Nxd4
Bc5 9. Qd2 O-O 10. O-O-O a6 11. h4 Qc7 12. Kb1 b5 13. h5 b4 14. Na4 Nxd4 15.
Bxd4 a5 16. Rh3 Ba6 17. Bxa6 Rxa6 18. b3 Rc8 19. c3 Bxd4 20. Qxd4 Nc5 21. Nxc5
Qxc5 22. Qxc5 Rxc5 23. c4 Ra8 24. Rhd3 Rd8 25. g4 f6 26. f5 fxe5 27. fxe6 d4 28.
Rf3 e4 29. e7 Re8 30. Rf4 Rxe7 31. Rxd4 Rce5 32. Rd8+ Re8 33. Rxe8+ Rxe8 34. Kc2
e3 35. Rf1 Re4 36. Kd3 Rxg4 37. Kxe3 Rh4 38. Rf5 Rh2 39. Rxa5 Kf7 40. Rb5 Rxa2
41. Rxb4 Ra5 42. Rb5 Rxb5 43. cxb5 Ke6 44. b6 Kd6 45. b7 Kc7 46. b8=Q+ Kxb8 47.
Kf4 Kb7 48. Kf5 g6+ 49. hxg6 hxg6+ 50. Kxg6 Kb6 51. Kf5 Kb5 52. Ke4 Kb4 53. Kd3
Kxb3 {Game drawn because neither player has mating material} 1/2-1/2